 Dungeon Crawl Stone Soup version 0.29-a0-490-g77b3608bb8 (webtiles) character file.

Game seed: 4159339896101362967

39218 purpskrrrp the Basher (level 14, -11/122 HPs)
             Began as a Human Berserker on May 26, 2022.
             Was a High Priest of Trog.
             Mangled by Donald
             ... wielding a +2 broad axe of distortion
              (32 damage)
             ... on level 3 of the Lair of Beasts.
             The game lasted 02:06:10 (16510 turns).

purpskrrrp the Basher (Human Berserker)            Turns: 16510, Time: 02:06:13

Health: -11/122    AC: 39    Str: 21    XL:     14   Next: 38%
Magic:  14/14      EV: 13    Int: 11    God:    Trog [*****.]
Gold:   1382       SH:  0    Dex: 20    Spells: 13/13 levels left

rFire   . . .      SeeInvis +   E - +11 mace of Understanding {spect, Dex+2 Stlth+}
rCold   . . .      Faith    .   (no shield)
rNeg    . . .      Spirit   .   k - +9 plate armour of a bazaar {Harm Dex+4 SInv}
rPois   +          Reflect  .   u - +2 helmet {Int+3}
rElec   .          Harm     +   G - +2 cloak {rPois}
rCorr   .          Rampage  .   J - +2 pair of gloves
Will    +....                   v - +2 pair of boots
Stlth   +.........              a - amulet of the acrobat
HPRegen 0.30/turn               z - +4 ring of evasion
MPRegen 0.14/turn               j - +4 ring of evasion

@: about to teleport, held, hasted, very quick
A: robust 1
a: Renounce Religion, Berserk, Trog's Hand, Brothers in Arms


You were on level 3 of the Lair of Beasts.
You worshipped Trog.
Trog was extremely pleased with you.
You visited 4 branches of the dungeon, and saw 16 of its levels.

You collected 1382 gold pieces.

Inventory:

Hand Weapons
 E - the +11 mace of Understanding (weapon) {spect, Dex+2 Stlth+}
   (You found it on level 4 of the Dungeon)

   When its wielder attacks, the weapon's spirit leaps out and strikes again.
   The spirit shares a part of any damage it takes with its wielder.
   Dex:       It affects your dexterity (+2).
   Stlth:     It makes you more stealthy.
 F - a +8 flail of freezing
 S - a +7 great mace
Missiles
 U - 4 boomerangs
Armour
 k - the +9 plate armour of a bazaar (worn) {Harm Dex+4 SInv}
   (You took it off an orc warrior on level 7 of the Dungeon)

   Dex:       It affects your dexterity (+4).
   SInv:      It lets you see invisible.
   Harm:      It increases damage dealt and taken.
 u - a +2 helmet of intelligence (worn)
 v - a +2 pair of boots (worn)
 G - a +2 cloak of poison resistance (worn)
 J - a +2 pair of gloves (worn)
Jewellery
 a - an amulet of the acrobat (around neck)
 c - a +4 ring of protection
 j - a +4 ring of evasion (right hand)
 z - a +4 ring of evasion (left hand)
 A - a ring of willpower
 B - a ring of willpower
 O - an amulet of guardian spirit
 Z - a ring of fire
Wands
 m - a wand of flame (42)
 x - a wand of polymorph (24)
 y - a wand of iceblast (9) (quivered)
 L - a wand of digging (14)
Scrolls
 b - 2 scrolls of blinking
 g - a scroll of magic mapping
 h - 5 scrolls of teleportation
 l - a scroll of torment
 o - 2 scrolls of noise
 r - 5 scrolls of vulnerability
 C - a scroll of acquirement {unknown}
 V - a scroll of enchant weapon
 X - 2 scrolls of enchant armour
Potions
 d - a potion of attraction {unknown}
 e - 4 potions of curing
 f - 4 potions of degeneration
 i - 4 potions of lignification
 p - a potion of mutation
 q - 2 potions of cancellation
 s - 2 potions of ambrosia {unknown}
 t - 4 potions of haste
 w - 3 potions of brilliance
 I - 3 potions of resistance
 K - 2 potions of might {unknown}
 N - 2 potions of berserk rage {unknown}
 R - a potion of invisibility {unknown}
 W - 3 potions of flight
Miscellaneous
 P - a box of beasts (inert)


   Skills:
 + Level 10.4 Fighting
 + Level 6.0 Long Blades
 + Level 14.6 Maces & Flails
 + Level 0.6 Slings
 + Level 12.7 Armour
 + Level 3.8 Dodging
 + Level 7.3 Stealth
 + Level 4.8 Evocations


You had 13 spell levels left.
You didn't know any spells.
Your spell library contained the following spells:

 Spells                   Type           Power      Damage    Failure   Level
 Magic Dart               Conj           0%         1d3       99%         1
 Sting                    Tmut/Pois      0%         1d3       99%         1
 Blink                    Tloc           0%         N/A       100%        2
 Call Imp                 Summ           0%         N/A       100%        2
 Passwall                 Tmut/Erth      0%         N/A       100%        2
 Conjure Flame            Conj/Fire      0%         6-21      100%        3
 Gell's Gravitas          Tloc           0%         N/A       100%        3
 Ignite Poison            Fire/Tmut/Pois 0%         N/A       100%        3
 Lesser Beckoning         Tloc           0%         N/A       100%        3
 Mephitic Cloud           Conj/Pois/Air  0%         N/A       100%        3
 Teleport Other           Tloc           0%         N/A       100%        3
 Animate Armour           Summ/Erth      0%         N/A       100%        4
 Leda's Liquefaction      Hex/Erth       0%         N/A       100%        4
 Olgreb's Toxic Radiance  Pois           0%         N/A       100%        4
 Petrify                  Tmut/Erth      0%         N/A       100%        4
 Sticky Flame             Conj/Fire      0%         2d3       100%        4
 Alistair's Intoxication  Tmut/Pois      0%         N/A       100%        5
 Freezing Cloud           Conj/Ice/Air   0%         6-21      100%        5
 Iskenderun's Battlesphe  Conj           0%         2d6       100%        5
 Lee's Rapid Deconstruct  Erth           0%         3d5*      100%        5
 Manifold Assault         Tloc           0%         N/A       100%        5
 Iron Shot                Conj/Erth      0%         9d1       100%        6
 Simulacrum               Ice/Necr       0%         N/A       100%        6
 Statue Form              Tmut/Erth      0%         N/A       100%        6
 Spellforged Servitor     Conj/Summ      0%         N/A       100%        7
 Storm Form               Tmut/Air       0%         N/A       100%        7
 Polar Vortex             Ice            0%         N/A       100%        9


Dungeon Overview and Level Annotations

Branches:
Dungeon (11/15)            Temple (0/1) D:6            Lair (3/6) D:11
  Swamp (1/4) Lair:2       Spider (1/4) Lair:3          Orc (0/2) D:11

Altars:
Ashenzari
Hepliaklqana
Kikubaaqudgha
Trog
Yredelemnul
The Shining One
Beogh

Shops:
D:4 *

Annotations:
Lair:3 Donald


Innate Abilities, Weirdness & Mutations

You are robust. (+10% HP)


Message History

You assume a fearsome visage.
The redback is unaffected.
The jumping spider is unaffected.
Donald resists with almost no effort.
The moth of wrath looks frightened!
The jumping spider is unaffected. x2
You feel very sick. The redback barely misses you.
The jumping spider pounces on you but does no damage.
The jumping spider bites you!
* * * LOW HITPOINT WARNING * * *
The jumping spider pounces on you but does no damage.
The jumping spider barely misses you.
The jumping spider completely misses you.
The jumping spider bites you but does no damage.
The redback bites you but does no damage.
The jumping spider pounces on you but does no damage.
The jumping spider bites you but does no damage.
The jumping spider barely misses you. The jumping spider closely misses you.
You feel better. The jumping spider barely misses you.
The jumping spider bites you but does no damage.
The jumping spider closely misses you.
The jumping spider bites you but does no damage.
The jumping spider barely misses you. The jumping spider misses you.
The redback bites you but does no damage.
Your larval stingweird beast hits the redback.
Your larval stingweird beast stings the redback.
Your larval stingweird beast grabs the redback.
Your larval stingweird beast constricts the redback.
Donald pulls away from the web.
Your deep troll goes berserk!
The jumping spider pounces on you!
* * * LOW HITPOINT WARNING * * *
The jumping spider bites you but does no damage.
The jumping spider completely misses you.
The jumping spider misses you.
The jumping spider completely misses you.
The jumping spider closely misses you.
The redback bites your larval stingweird beast!
Your larval stingweird beast looks as sick as possible!
The redback poisons your larval stingweird beast!
Donald hits you with a +2 broad axe of distortion!!
You die...

#........................
##.......P.......##......#
#.........#......#......##
#....^...###.^..##.......#
##......^###....###.....##
#..^..^##y#....###.....P#
####....##^^^.....##.....##
#.#.....#^@sT..^.##.......#
##....^..s@s.....###>.....#
#####.#..#...^s^H....##P.....##
#.#.....##^...#^^^...###.....#
##......#^^^^..###....##.....##
##......##^^...###..##......P#
#.......###........##P......#
#.......##.######P.###....<##
##.....#####.###............#
#.....†.# #.................#


You could see Donald (fast, strong), a moth of wrath (fleeing), 3 jumping
spiders, a redback (berserk, distracted, ally target), a friendly larval
stingweird beast (summoned, extremely poisoned) and a friendly deep troll
(summoned, berserk).

Vanquished Creatures
  A broodmother (Lair:3)
  A bunyip (Swamp:1)
  5 hydras
  A death yak (D:11)
  A ghost crab (Swamp:1)
  2 two-headed ogres
  5 alligators (Swamp:1)
  A swamp dragon (Swamp:1)
  The ghost of Snarg the Martial Artist, a novice OpTm of Gozag (D:7)
  2 goliath frogs (Swamp:1)
  A spriggan druid (Swamp:1)
  A bog body (Swamp:1)
  5 deep elf pyromancers (D:11)
  2 wolf spiders (Lair:3)
  4 deep elf zephyrmancers (D:11)
  Pikel (D:8)
  3 will-o-the-wisps
  3 elephants (Lair:2)
  A manticore (D:11)
  Joseph (D:7)
  8 cane toads
  A torpor snail (Lair:3)
  Maggie (D:9)
  A rime drake (Lair:3)
  A demonic crawler (Lair:3)
  2 komodo dragons (Lair:1)
  2 trolls
  2 hornets
  Grinder (D:6)
  2 tarantellas (Lair:3)
  A spriggan (Swamp:1)
  23 yaks
  A vampire (D:11)
  A shadow (D:11)
  A wyvern (D:8)
  3 wraiths
  A basilisk (Lair:2)
  2 redbacks (Lair:3)
  4 steam dragons
  Menkaure (D:7)
  4 swamp worms (Swamp:1)
  2 vampire mosquitoes (Swamp:1)
  Edmund (D:4)
  A warg (D:7)
  8 water moccasins
  2 acid dragons (D:9)
  6 orc warriors
  4 black bears
  A sky beast (D:7)
  A swamp drake (Swamp:1)
  An ogre (D:4)
  5 centaurs
  2 wolves (Lair:1)
  A phantom (D:6)
  3 kobold brigands
  2 gnoll sergeants
  4 scorpions
  9 bullfrogs
  2 necrophages
  8 wights
  7 howler monkeys
  4 electric eels
  3 jellies
  9 orc priests
  A gnoll shaman (D:7)
  Crazy Yiuf (D:4)
  4 hounds
  Ijyb (D:4)
  Natasha (thrice) (D:4)
  3 hell rats (D:11)
  5 iguanas
  12 orc wizards
  8 gnolls
  9 adders
  2 river rats (D:11)
  2 white imps
  An ufetubus (D:5)
  3 worms
  2 dart slugs
  34 orcs
  5 ball pythons
  5 endoplasms
  3 giant cockroaches
  13 goblins
  7 hobgoblins
  6 jackals (D:1)
  4 quokkas
  2 bats (D:3)
  16 kobolds
  6 rats
  A butterfly (D:6)
350 creatures vanquished.

Vanquished Creatures (collateral kills)
  2 death yaks (D:11)
  A cyclops (D:11)
3 creatures vanquished.

Vanquished Creatures (others)
  An alligator (Swamp:1)
  A bloated husk (Swamp:1)
  2 tyrant leeches (Swamp:1)
  8 foxfires
  3 fungi (Lair:3)
  3 plants
18 creatures vanquished.

Grand Total: 371 creatures vanquished

Notes
Turn   | Place    | Note
-------+----------+-------------------------------------------
     0 | D:1      | purpskrrrp the Human Berserker began the quest for the Orb.
     0 | D:1      | Reached XP level 1. HP: 18/18 MP: 1/1
   163 | D:1      | Reached XP level 2. HP: 21/24 MP: 2/2
   467 | D:1      | Reached XP level 3. HP: 28/29 MP: 3/3
   778 | D:2      | Reached ** piety under Trog
  1011 | D:2      | Reached XP level 4. HP: 35/35 MP: 4/4
  1630 | D:3      | Noticed a scorpion
  1656 | D:3      | Killed a scorpion
  1657 | D:3      | Reached XP level 5. HP: 16/41 MP: 5/5
  2000 | D:3      | Found a faded altar of an unknown god.
  2398 | D:4      | Noticed an ogre
  2414 | D:4      | Killed an ogre
  2415 | D:4      | Reached skill level 5 in Long Blades
  2415 | D:4      | Reached XP level 6. HP: 32/48 MP: 6/6
  2612 | D:4      | Noticed Edmund
  2626 | D:4      | Killed Edmund
  2646 | D:4      | Reached XP level 7. HP: 42/54 MP: 7/7
  2867 | D:4      | Reached skill level 1 in Maces & Flails
  2924 | D:4      | Found a broken altar of Ashenzari.
  2930 | D:4      | Found a bloodstained altar of Trog.
  2997 | D:4      | Noticed Ijyb
  3036 | D:4      | Killed Ijyb
  3179 | D:4      | Noticed Natasha
  3195 | D:4      | Killed Natasha
  3195 | D:4      | Reached *** piety under Trog
  3333 | D:4      | Got the Volume of Venom and Clay
  3525 | D:4      | Found Dosic's Mayhem Merchandise.
  3647 | D:4      | Noticed Natasha
  3654 | D:4      | Killed Natasha
  3664 | D:4      | Reached skill level 2 in Maces & Flails
  3812 | D:4      | Noticed Natasha
  3821 | D:4      | Killed Natasha
  3903 | D:4      | Found a runed translucent door.
  3904 | D:4      | Noticed Crazy Yiuf
  4067 | D:4      | Killed Crazy Yiuf
  4113 | D:4      | Identified the +11 mace of Understanding {spect, Dex+2
                  | Stlth+}
  4229 | D:5      | Entered Level 5 of the Dungeon
  4344 | D:5      | Reached XP level 8. HP: 61/61 MP: 8/8
  4388 | D:5      | Reached skill level 1 in Evocations
  4436 | D:5      | Found a glowing golden altar of the Shining One.
  4438 | D:5      | Noticed an angel
  4576 | D:5      | Reached skill level 3 in Maces & Flails
  4869 | D:5      | Found a basalt altar of Yredelemnul.
  4871 | D:5      | Noticed a profane servitor
  4941 | D:5      | Reached skill level 5 in Fighting
  4942 | D:5      | Found a hazy altar of Hepliaklqana.
  5153 | D:6      | Found a staircase to the Ecumenical Temple.
  5182 | D:6      | Reached skill level 4 in Maces & Flails
  5282 | D:6      | Noticed Grinder
  5296 | D:6      | Reached skill level 5 in Armour
  5296 | D:6      | Reached XP level 9. HP: 68/68 MP: 9/9
  5299 | D:6      | Reached skill level 5 in Maces & Flails
  5316 | D:6      | Killed Grinder
  5433 | D:6      | Reached skill level 6 in Maces & Flails
  5807 | D:6      | Reached skill level 1 in Stealth
  5811 | D:6      | Reached **** piety under Trog
  6087 | D:6      | Gained mutation: You have sharp fingernails. [potion of
                  | mutation]
  6087 | D:6      | Gained mutation: You expend magic power (3 MP) to
                  | strengthen your wands. [potion of mutation]
  6088 | D:6      | Lost mutation: You expend magic power (3 MP) to strengthen
                  | your wands. [potion of mutation]
  6088 | D:6      | Lost mutation: You have sharp fingernails. [potion of
                  | mutation]
  6088 | D:6      | Gained mutation: You are partially covered in iridescent
                  | scales. (AC +2) [potion of mutation]
  6088 | D:6      | Gained mutation: You have a pair of small horns on your
                  | head. [potion of mutation]
  6510 | D:7      | Reached skill level 7 in Maces & Flails
  6697 | D:7      | Noticed Menkaure
  6719 | D:7      | Killed Menkaure
  6720 | D:7      | Reached XP level 10. HP: 45/76 MP: 10/10
  6951 | D:7      | Noticed Joseph
  6961 | D:7      | Killed Joseph
  6962 | D:7      | Reached skill level 8 in Maces & Flails
  7103 | D:7      | Noticed a two-headed ogre
  7107 | D:7      | Killed a two-headed ogre
  7480 | D:7      | Reached skill level 9 in Maces & Flails
  7931 | D:7      | Found a runed translucent gate.
  7931 | D:7      | Found a runed translucent gate.
  7931 | D:7      | Noticed Snarg's ghost (novice OpTm)
  7932 | D:7      | Found a runed translucent gate.
  7933 | D:7      | Identified the +9 plate armour of a bazaar {Harm Dex+4
                  | SInv}
  7965 | D:7      | Killed Snarg's ghost
  7966 | D:7      | Reached XP level 11. HP: 77/84 MP: 11/11
  8033 | D:7      | Lost mutation: You are partially covered in iridescent
                  | scales. (AC +2) [potion of mutation]
  8033 | D:7      | Lost mutation: You have a pair of small horns on your head.
                  | [potion of mutation]
  8033 | D:7      | Gained mutation: You are robust. (+10% HP) [potion of
                  | mutation]
  8167 | D:8      | Noticed Pikel
  8172 | D:8      | Killed Pikel
  8679 | D:8      | Found an ancient bone altar of Kikubaaqudgha.
  9038 | D:9      | Reached skill level 10 in Maces & Flails
  9329 | D:9      | Reached ***** piety under Trog
  9565 | D:9      | You fall into a shaft and drop 1 floor!
  9565 | D:10     | Entered Level 10 of the Dungeon
  9789 | D:9      | Noticed Maggie
  9796 | D:9      | Killed Maggie
 10375 | D:10     | Reached skill level 11 in Maces & Flails
 10503 | D:10     | Noticed a two-headed ogre
 10508 | D:10     | Killed a two-headed ogre
 10509 | D:10     | Reached skill level 10 in Armour
 10509 | D:10     | Reached XP level 12. HP: 74/101 MP: 12/12
 10856 | D:11     | Received a gift from Trog
 10857 | D:11     | Reached skill level 12 in Maces & Flails
 11518 | D:11     | Noticed a death yak
 11520 | D:11     | Noticed a death yak
 11523 | D:11     | Noticed a death yak
 11529 | D:11     | Killed a death yak
 11530 | D:11     | Killed a death yak
 11531 | D:11     | Reached skill level 5 in Stealth
 11533 | D:11     | Killed a death yak
 11534 | D:11     | Found a staircase to the Lair.
 11750 | D:11     | Found a staircase to the Orcish Mines.
 11765 | D:11     | Reached XP level 13. HP: 110/110 MP: 13/13
 11945 | Lair:1   | Entered Level 1 of the Lair of Beasts
 12164 | Lair:1   | Reached skill level 13 in Maces & Flails
 13029 | Lair:2   | Found a staircase to the Swamp.
 13045 | Swamp:1  | Entered Level 1 of the Swamp
 13064 | Swamp:1  | Noticed an eight-headed hydra
 13071 | Swamp:1  | Killed an eight-headed hydra
 13076 | Swamp:1  | Noticed a ghost crab
 13078 | Swamp:1  | Noticed a five-headed hydra
 13078 | Swamp:1  | Noticed a five-headed hydra
 13091 | Swamp:1  | Killed a five-headed hydra
 13095 | Swamp:1  | Killed a five-headed hydra
 13099 | Swamp:1  | Killed a ghost crab
 13216 | Swamp:1  | Noticed a bunyip
 13225 | Swamp:1  | Killed a bunyip
 13237 | Swamp:1  | Reached skill level 14 in Maces & Flails
 13271 | Swamp:1  | Reached skill level 10 in Fighting
 13716 | Swamp:1  | Got Gimieps's Papyrus of Earth
 14115 | Lair:2   | Reached XP level 14. HP: 109/121 MP: 14/14
 14989 | Lair:3   | Found a hole to the Spider Nest.
 15957 | Spider:1 | Entered Level 1 of the Spider Nest
 15957 | Spider:1 | Noticed a broodmother
 15958 | Spider:1 | Noticed Donald
 16321 | Lair:3   | Killed a broodmother
 16510 | Lair:3   | Mangled by Donald

Illustrated notes

Levels and vault maps discovered:
D:1:      lemuel_arrival_room, layout_rooms
D:2:      layout_rooms
D:3:      layout_basic, shapermc_ecumenical_altar_starsandcircs
D:4:      kennysheep_the_goblin_king, layout_basic,
          mainiacjoe_overflow_large_starburst, nrook_loot_triangle,
          minmay_shop_mayhem, chequers_serial_rivers_small_a, uniq_edmund,
          uniq_natasha, uniq_crazy_yiuf_cottage
D:5:      layout_loops_ring, grunt_temple_overflow_holy_war,
          nicolae_hepliaklqana_hippocampus, nicolae_figureground_sparkle
D:6:      layout_loops_cross, minmay_temple_entry_butterflies, serial_glass,
          glass_columns_a, glass_columns_a, minmay_hedge_maze, uniq_grinder
D:7:      minmay_opposing_rooms, layout_basic, biasface_ghost_orc_armoury,
          minivault_14, uniq_menkaure, uniq_joseph
D:8:      layout_loops_cross, mainiacjoe_overflow_alcove_1, uniq_pikel
D:9:      layout_irregular_city, uniq_maggie
D:10:     layout_basic
D:11:     layout_gridville, dpeg_lair_monsters, minmay_orc_entry_temple_small,
          grunt_decor_cap, grunt_decor_one_mirror, minmay_misc_feat_tiny,
          kennysheep_another_room, elves_outpost_lemuel
Lair:1:   layout_cave_pods, serial_rivers, chequers_serial_rivers_room_a,
          chequers_serial_rivers_room_a, chequers_serial_rivers_large_b,
          chequers_serial_rivers_micro_e, chequers_serial_rivers_micro_d,
          beast_lair_carwin_3, infiniplex_staircase_pool
Lair:2:   layout_loops_ring, minmay_swamp_entry_wisps, nzn_random_ring,
          grunt_megastairs_4
Lair:3:   layout_cellular_growth, spider_nest_entry_webs
Swamp:1:  layout_falls_marsh, evilmike_swamp_ruin_house_2
Spider:1: nicolae_spider_hilbert_zone_4 [nicolae_spider_hilbert_4_sides_2_open,
          nicolae_spider_hilbert_4_sides_1_open,
          nicolae_spider_hilbert_4_sides_1_open,
          nicolae_spider_hilbert_4_sides_1_open,
          nicolae_spider_hilbert_4_sides_1_open,
          nicolae_spider_hilbert_2_sides_1_open,
          nicolae_spider_hilbert_2_sides_1_open,
          nicolae_spider_hilbert_2_sides_1_open,
          nicolae_spider_hilbert_2_sides_1_open,
          nicolae_spider_hilbert_6_sides_1_open,
          nicolae_spider_hilbert_6_sides_1_open,
          nicolae_spider_hilbert_3_sides_1_open,
          nicolae_spider_hilbert_3_sides_1_open], uniq_donald

Skill      XL: |  1  2  3  4  5  6  7  8  9 10 11 12 13 14 |
---------------+-------------------------------------------+-----
Long Blades    | 4 5 6 |  6.0
Armour         | 3 4 5 6 8 10 11 12 | 12.7
Dodging        | 3 |  3.8
Fighting       | 4 5 6 7 8 10 | 10.4
Maces & Flails | 2 4 7 9 11 12 14 | 14.6
Evocations     | 1 2 3 4 |  4.8
Stealth        | 2 3 4 5 6 7 |  7.3
Slings         | |  0.6

Action                   |  1- 3 |  4- 6 |  7- 9 | 10-12 | 13-15 || total
-------------------------+-------+-------+-------+-------+-------++-------
Melee: Falchion          |   110 |   125 |       |       |       ||   235
       Punch             |     1 |     1 |     2 |     5 |     6 ||    15
       Flail             |       |    10 |    93 |       |       ||   103
       Mace              |       |       |   123 |   227 |   198 ||   548
       Headbutt          |       |       |     2 |     6 |       ||     8
 Fire: Hunting sling     |       |     3 |       |       |       ||     3
Invok: Berserk           |     1 |     2 |     2 |       |     1 ||     6
       Trog's Hand       |       |     1 |     1 |       |       ||     2
       Brothers in Arms  |       |       |       |     1 |     2 ||     3
Evoke: Wand              |       |     4 |     8 |    14 |     6 ||    32
       Box of beasts     |       |       |       |       |     2 ||     2
  Use: Scroll            |       |       |    11 |     5 |    11 ||    27
       Potion            |       |       |     4 |     2 |     8 ||    14
 Stab: Distracted        |       |       |     3 |     7 |     7 ||    17
Armor: Animal skin       |     6 |       |       |       |       ||     6
       Scale mail        |    27 |    23 |       |       |       ||    50
       Leather armour    |     1 |       |       |       |       ||     1
       Plate armour      |       |    33 |   100 |    74 |   153 ||   360
Dodge: Dodged            |    83 |    79 |    92 |   170 |   220 ||   644

Table legend: (Time is in decaauts)
 A = Elapsed time spent in this place.
 B = Non-inter-level travel time spent in this place.
 C = Inter-level travel time spent in this place.
 D = Time resting spent in this place.
 E = Time spent auto-exploring this place.
 F = Levels seen in this place.
 G = Mean time per level.
                   A        B        C        D        E       F      G
               +--------+--------+--------+--------+--------+-----+--------+
         Total |  16626 |  15221 |   1405 |   3689 |   8260 |  16 | 1039.1 |
       Dungeon |  12006 |  11126 |    880 |   2741 |   5781 |  11 | 1091.5 |
          Lair |   3592 |   3202 |    390 |    503 |   2213 |   3 | 1197.3 |
         Swamp |   1018 |    883 |    135 |    445 |    266 |   1 | 1018.0 |
   Spider Nest |      8 |      8 |      0 |      0 |      0 |   1 |    8.0 |
               +--------+--------+--------+--------+--------+-----+--------+

Top non-repeatable levels by time:
     D:4: 1883 daAuts
     D:7: 1764 daAuts
  Lair:3: 1581 daAuts
     D:6: 1267 daAuts
     D:9: 1184 daAuts
    D:11: 1127 daAuts
  Lair:1: 1099 daAuts
 Swamp:1: 1018 daAuts
     D:3: 987 daAuts
  Lair:2: 912 daAuts
     D:8: 875 daAuts
     D:5: 841 daAuts
     D:1: 736 daAuts
     D:2: 700 daAuts
    D:10: 637 daAuts
